 Dungeon Crawl Stone Soup version 0.23.1 (webtiles) character file.

Game seed: 6556050439769972820

32861 Froggeryz the Severer (level 13, -1/118 HPs)
             Began as a Minotaur Gladiator on Mar 6, 2019.
             Was the Champion of Okawaru.
             Slain by a killer bee (9 damage)
             ... on level 5 of the Lair of Beasts.
             The game lasted 00:34:47 (16734 turns).

Froggeryz the Severer (Minotaur Gladiator)         Turns: 16734, Time: 00:34:48

Health: -1/118     AC:  7    Str: 20    XL:     13   Next: 33%
Magic:  22/22      EV: 19    Int:  5    God:    Okawaru [******]
Gold:   1487       SH:  0    Dex: 13    Spells: 12/12 levels left

rFire    . . .     SeeInvis +   N - +6 battleaxe "Byjofuro" {venom, MR+++ MP+9 Dex-3 SInv}
rCold    + . .     Gourm    .   (shield currently unavailable)
rNeg     . . .     Faith    .   i - +0 leather armour {rC+}
rPois    .         Spirit   .   c - +0 hat
rElec    .         Reflect  .   H - scarf {repulsion}
rCorr    .         Harm     .   m - +2 pair of gloves
MR       +++++                  h - +0 pair of boots
Stlth    +.........             b - amulet of rage
HPRegen  0.29/turn              G - ring of protection from magic
MPRegen  0.18/turn              o - ring of protection from magic

@: lethally poisoned (-1 -> -23), studying Shields, repel missiles
A: retaliatory headbutt, horns 2
a: Heroism, Finesse, Renounce Religion, Evoke Berserk Rage


You were on level 5 of the Lair of Beasts.
You worshipped Okawaru.
Okawaru was exalted by your worship.
You were hungry.

You visited 3 branches of the dungeon, and saw 17 of its levels.
You also visited: Sewer and Ossuary.

You collected 1487 gold pieces.

Inventory:

Hand Weapons
 u - a +1 war axe of chopping
 x - the +4 long sword "Fachuyp" {flame, rElec}
   (You found it on level 6 of the Dungeon)

   It has been specially enchanted to burn those struck by it, causing extra
   injury to most foes and up to half again as much damage against particularly
   susceptible opponents.
   Big, fiery blades are also staple armaments of hydra-hunters.
   It insulates you from electricity.
 N - the +6 battleaxe "Byjofuro" (weapon) {venom, MR+++ MP+9 Dex-3 SInv}
   (Okawaru gifted it to you on level 4 of the Lair of Beasts)

   It poisons the flesh of those it strikes.
   It affects your dexterity (-3).
   It affects your resistance to hostile enchantments.
   It affects your magic capacity (+9).
   It lets you see invisible.
Missiles
 d - 2 throwing nets (quivered)
 y - 6 curare-tipped needles
Armour
 c - a +0 hat (worn)
 h - a +0 pair of boots (worn)
 i - a +0 leather armour of cold resistance (worn)
 m - a +2 pair of gloves (worn)
 H - a scarf of repulsion (worn)
 R - the +3 shield of the Gardener {Dex+3, unknown}
   (Okawaru gifted it to you on level 3 of the Lair of Beasts)

   It affects your dexterity (+3).
Jewellery
 a - an uncursed ring of ice
 b - an amulet of rage (around neck)
 o - a ring of protection from magic (right hand)
 F - an uncursed ring of resist corrosion
 G - a ring of protection from magic (left hand)
 M - an uncursed ring of ice
Wands
 p - a wand of flame (26)
 v - a wand of polymorph (43)
 w - a wand of enslavement (6)
 A - a wand of random effects (26)
 B - a wand of acid (13)
Scrolls
 e - 5 scrolls of magic mapping
 g - 8 scrolls of remove curse
 k - 3 scrolls of blinking
 l - 3 scrolls of enchant weapon
 r - 3 scrolls of identify
 O - 3 scrolls of teleportation
Potions
 j - a potion of might {unknown}
 n - 4 potions of lignification
 q - 6 potions of curing
 s - 5 potions of degeneration
 t - 2 potions of mutation
 z - a potion of magic
 C - a potion of cancellation
 D - a potion of heal wounds
 E - 10 potions of flight
 I - a potion of brilliance {unknown}
 J - 2 potions of haste
 L - 2 potions of ambrosia {unknown}
Books
 P - a manual of Shields
Comestibles
 f - 35 rations


   Skills:
 - Level 12.0 Fighting
 * Level 18.9 Axes
 - Level 2.0 Throwing
 - Level 4.0 Armour
 - Level 12.6 Dodging
 + Level 1.6 Invocations


You had 12 spell levels left.
You didn't know any spells.
Your spell library contained the following spells:

 Spells                   Type           Power        Failure   Level  Hunger
 Corona                   Hex            #......      52%         1    ##.....
 Infusion                 Chrm           #...         52%         1    ##.....
 Magic Dart               Conj           #...         52%         1    ##.....
 Sting                    Conj/Pois      #...         52%         1    ##.....
 Summon Small Mammal      Summ           #...         52%         1    ##.....
 Blink                    Tloc           N/A          67%         2    ###....
 Call Imp                 Summ           #.......     67%         2    ###....
 Ensorcelled Hibernation  Hex/Ice        #.....       67%         2    ###....
 Poisonous Vapours        Pois/Air       #.....       67%         2    ###....
 Shroud of Golubria       Chrm/Tloc      #.........   67%         2    ###....
 Slow                     Hex            #.......     67%         2    ###....
 Song of Slaying          Chrm           #.......     67%         2    ###....
 Call Canine Familiar     Summ           #.......     88%         3    ####...
 Confuse                  Hex            #.......     88%         3    ####...
 Conjure Flame            Conj/Fire      #.......     88%         3    ####...
 Dazzling Spray           Conj/Hex       #.....       88%         3    ####...
 Mephitic Cloud           Conj/Pois/Air  #.......     88%         3    ####...
 Regeneration             Chrm/Necr      #.........   88%         3    ####...
 Spectral Weapon          Hex/Chrm       #.......     88%         3    ####...
 Summon Guardian Golem    Hex/Summ       #.......     88%         3    ####...
 Tukima's Dance           Hex            #.......     88%         3    ####...
 Olgreb's Toxic Radiance  Pois           #.......     99%         4    #####..
 Summon Ice Beast         Ice/Summ       #.......     99%         4    #####..
 Summon Lightning Spire   Summ/Air       #.......     99%         4    #####..
 Venom Bolt               Conj/Pois      #.........   100%        5    ######.
 Freezing Cloud           Conj/Ice/Air   #.........   100%        6    #######
 Ring of Flames           Chrm/Fire      #.........   100%        7    #######


Dungeon Overview and Level Annotations

Branches:
Dungeon (11/15)            Temple (1/1) D:6            Lair (5/6) D:11
  Snake (0/4) Lair:3        Slime (0/5) Lair:5          Orc (0/2) D:10
  Swamp: Lair:2-4    Shoals: Lair:2-4

Altars:
Ashenzari
Cheibriados
Dithmenos
Elyvilon
Fedhas
Gozag
Hepliaklqana
Kikubaaqudgha
Makhleb
Okawaru
Qazlal
Sif Muna
Uskayaw
Vehumet
Wu Jian
Xom
Yredelemnul
Zin
The Shining One
Beogh
Jiyva

Shops:
D:8 !   D:10 }[(%*

Annotations:
D:8 2 transporters, Name63's ghost, novice GnNe
D:9 1 exclusion
D:10 Sonja
Lair:1 1 runed translucent door, harness's ghost, journeyman DEAE
Lair:4 1 runed translucent door
Lair:5 3 runed translucent doors, Plazmod's ghost, journeyman DECj


Innate Abilities, Weirdness & Mutations

You reflexively headbutt those who attack you in melee.
You have a pair of horns on your head.


Message History

The meliai hits you with a +0 hand axe of venom.
* * * LOW HITPOINT WARNING * * *
You are poisoned.
The meliai barely misses you. The killer bee barely misses you.
The meliai calls down the wrath of its god upon you.
Something smites you!
* * * LOW HITPOINT WARNING * * *
Things that are here:
a +0 war axe; a +0 robe; a meliai corpse Unknown command.
You closely miss the meliai. You barely miss the killer bee.
You feel sick.
The killer bee stings you but does no damage.
The meliai hits you with a +0 hand axe of venom.
* * * LOW HITPOINT WARNING * * *
You are lethally poisoned!
The meliai stings you.
* * * LOW HITPOINT WARNING * * *
You are more poisoned.
The meliai poisons you! The killer bee stings you!
You die...

#....##...........PP.............
.###..#......###.....<...........
####...†.....# ##.###### #.......
#.#####.....## #.### ###....P
.##.♣♣###...# ##.#.# ###.#..
.#D.?.♣##...####....# #...#.#
.+D...$♣#...##.....## ##..#...
.+..)..P#...##.)y†.# #...#...
.+.....P##..####@### ##..#...
.#..|..# #### #y†%....# #...#..#
.##♣.≈#### #.#%%.%%###.......
#######..# ###%%..%##...#.#.. #
#....## ...%###.###..# ##....#
....# #####... #.....# ##########
#P... #....## ###
##...####.#######.
#..#.####.####......#.....###..


You could see a meliai and a killer bee.

Vanquished Creatures
  Fannar (Lair:1)
  Josephine (Lair:4)
  A hydra (Lair:3)
  A two-headed ogre (D:10)
  A queen ant (Lair:3)
  Erica (D:10)
  An unseen horror (D:10)
  2 manticores (D:10)
  Joseph (D:10)
  8 elephants
  Maurice (D:10)
  2 black mambas
  A centaur zombie (D:11)
  A gargoyle (D:11)
  9 spiny frogs
  3 komodo dragons
  2 meliai (Lair:5)
  A queen bee (Lair:5)
  A troll (D:11)
  A polar bear (Lair:3)
  Prince Ribbit (D:8)
  5 blink frogs (Lair:5)
  5 hippogriffs
  Sigmund (D:2)
  A spriggan (D:8)
  A wyvern (D:9)
  4 wraiths
  18 yaks
  A basilisk (Lair:5)
  20 water moccasins
  20 soldier ants (Lair:3)
  7 porcupines
  8 orc warriors
  4 phantoms
  3 black bears
  6 ogres
  2 sky beasts
  9 centaurs
  7 crocodiles
  2 big kobolds
  7 bullfrogs
  A gnoll sergeant (D:10)
  4 scorpions
  30 killer bees
  A howler monkey (D:10)
  An electric eel (Lair:2)
  A bullfrog zombie (D:6)
  2 bullfrog skeletons
  3 crimson imps
  4 hounds
  6 orc priests
  2 jellies
  Crazy Yiuf (D:5)
  4 centaur skeletons
  11 orc wizards
  3 iguanas
  27 worker ants
  8 mummies (Ossuary)
  3 hound skeletons
  A howler monkey zombie (D:8)
  2 worker ant zombies
  11 gnolls
  19 adders
  A river rat (Sewer)
  3 shadow imps
  2 adder zombies
  2 adder skeletons
  A worm (D:2)
  2 dart slugs (D:2)
  9 leopard geckos
  55 orcs
  3 giant cockroaches
  2 gnoll zombies (Ossuary)
  6 goblins
  7 hobgoblins
  3 jackals
  17 kobolds
  6 quokkas
  2 ball pythons
  12 bats
  3 frilled lizards
  A giant cockroach zombie (D:6)
  4 hobgoblin zombies (Ossuary)
  A jackal zombie (D:8)
  A kobold zombie (Ossuary)
  An orc zombie (Ossuary)
  2 quokka skeletons
  A quokka zombie (D:5)
  8 rats
  A rat zombie (D:5)
  A fungus (Lair:5)
  7 plants
481 creatures vanquished.

Vanquished Creatures (others)
  A fungus (Lair:3)
  A plant (Lair:5)
2 creatures vanquished.

Grand Total: 483 creatures vanquished

Notes
Turn   | Place    | Note
-------+----------+-------------------------------------------
     0 | D:1      | Froggeryz the Minotaur Gladiator began the quest for the
                  | Orb.
     0 | D:1      | Reached XP level 1. HP: 18/18 MP: 0/0
    83 | D:1      | Reached skill level 4 in Axes
    91 | D:1      | Reached XP level 2. HP: 23/25 MP: 1/1
   247 | D:1      | Reached skill level 1 in Armour
   654 | D:2      | Reached XP level 3. HP: 18/31 MP: 2/2
   876 | D:2      | Noticed Sigmund
   888 | D:2      | Killed Sigmund
   888 | D:2      | Reached skill level 6 in Axes
   888 | D:2      | Reached XP level 4. HP: 34/40 MP: 3/3
   888 | D:2      | Reached XP level 5. HP: 39/46 MP: 4/4
  1260 | D:2      | Found an ornate altar of the Wu Jian Council.
  1260 | D:2      | Found a shimmering altar of Xom.
  1262 | D:2      | Found a radiant altar of Vehumet.
  1684 | D:3      | Noticed a phantom
  1718 | D:3      | Killed a phantom
  1718 | D:3      | Reached XP level 6. HP: 27/53 MP: 5/5
  2184 | D:4      | Reached skill level 7 in Axes
  2220 | D:4      | Reached skill level 5 in Fighting
  2220 | D:4      | Reached XP level 7. HP: 59/61 MP: 6/6
  2735 | D:4      | Reached skill level 8 in Axes
  2801 | D:4      | Got an ancient spear
  2802 | D:4      | Identified the +2 spear "Qateos" {flame, Int+3 Dex+4} (You
                  | found it on level 4 of the Dungeon)
  2853 | D:5      | Entered Level 5 of the Dungeon
  3005 | D:5      | Reached XP level 8. HP: 59/70 MP: 7/7
  3032 | D:5      | Found a sand-covered staircase.
  3045 | Ossuary  | Entered an ossuary
  3253 | Ossuary  | Reached skill level 9 in Axes
  3515 | D:5      | Found a glowing drain.
  3528 | Sewer    | Entered a sewer
  3623 | Sewer    | Found a white marble altar of Elyvilon.
  3798 | D:5      | Got a scorched spear
  3800 | D:5      | Identified the +8 spear of Vapekk {freeze, rElec} (You
                  | found it on level 5 of the Dungeon)
  3827 | D:5      | Found a runed translucent door.
  3828 | D:5      | Noticed Crazy Yiuf
  4009 | D:5      | Killed Crazy Yiuf
  4009 | D:5      | Reached skill level 5 in Dodging
  4346 | D:6      | Found a blossoming altar of Fedhas.
  4355 | D:6      | HP: 1/71 [centaur (6)]
  4618 | D:6      | Got a crystal long sword
  4619 | D:6      | Identified the +4 long sword "Fachuyp" {flame, rElec} (You
                  | found it on level 6 of the Dungeon)
  4715 | D:6      | Reached skill level 10 in Axes
  4845 | D:6      | HP: 3/73 [orc warrior/+0 glaive (21)]
  5035 | D:6      | Found a staircase to the Ecumenical Temple.
  5048 | Temple   | Entered the Ecumenical Temple
  5130 | Temple   | Became a worshipper of Warmaster Okawaru
  5415 | D:6      | Reached XP level 9. HP: 22/79 MP: 8/8
  5736 | D:7      | Reached skill level 11 in Axes
  5831 | D:7      | Reached * piety under Okawaru
  6197 | D:7      | Found an opulent altar of Gozag.
  6752 | D:8      | Reached skill level 12 in Axes
  6832 | D:8      | Noticed Name63's ghost (novice GnNe)
  6833 | D:8      | Found a transporter.
  7282 | D:8      | Found a transporter.
  7324 | D:8      | Got a pitted hand axe
  7325 | D:8      | Identified the +8 hand axe of Putog {flame, *Drain rElec
                  | MR++ Dex+4} (You found it on level 8 of the Dungeon)
  7398 | D:8      | Found a white marble altar of Elyvilon.
  7434 | D:8      | Found a white marble altar of Elyvilon.
  7447 | D:8      | Noticed Prince Ribbit
  7451 | D:8      | Killed Prince Ribbit
  7506 | D:8      | Found Idycasm's Distillery.
  7750 | D:9      | Reached ** piety under Okawaru
  7750 | D:9      | Reached XP level 10. HP: 74/90 MP: 9/9
  8292 | D:9      | Reached skill level 13 in Axes
  8297 | D:9      | Reached *** piety under Okawaru
  8313 | D:9      | Noticed a fire dragon
  8467 | D:9      | Found a burning altar of Makhleb.
  8555 | D:10     | Entered Level 10 of the Dungeon
  8604 | D:10     | Noticed Joseph
  8604 | D:10     | Noticed Sonja
  8630 | D:10     | Killed Joseph
  8900 | D:10     | Found Nucvoeju's General Store.
  8917 | D:10     | Noticed a two-headed ogre
  8928 | D:10     | Killed a two-headed ogre
  8928 | D:10     | Reached skill level 10 in Fighting
  8943 | D:10     | Found Geph's Antique Weapon Emporium.
  8954 | D:10     | Noticed a manticore
  8972 | D:10     | Killed a manticore
  8972 | D:10     | Reached **** piety under Okawaru
  8972 | D:10     | Reached skill level 14 in Axes
  9013 | D:10     | Found a staircase to the Orcish Mines.
  9539 | D:10     | Found a roughly hewn altar of Beogh.
  9586 | D:10     | Found Fiapn's Food Boutique.
  9652 | D:10     | Reached XP level 11. HP: 101/101 MP: 10/10
  9994 | D:10     | Found Liditet's Antique Armour Emporium.
 10008 | D:10     | Found Muhyjou's Gadget Shoppe.
 10029 | D:10     | Killed an unseen horror
 10052 | D:10     | Noticed Maurice
 10065 | D:10     | Killed Maurice
 10065 | D:10     | Reached ***** piety under Okawaru
 10320 | D:10     | Noticed Erica
 10329 | D:10     | Killed Erica
 10525 | D:11     | Found a glowing golden altar of the Shining One.
 10575 | D:11     | Reached skill level 15 in Axes
 10669 | D:11     | Received a gift from Okawaru
 10670 | D:11     | Got a twisted buckler {god gift}
 11050 | D:11     | Reached skill level 10 in Dodging
 11450 | D:11     | Found a staircase to the Lair.
 11471 | Lair:1   | Entered Level 1 of the Lair of Beasts
 11885 | Lair:1   | Noticed Fannar
 11928 | Lair:1   | Found a runed translucent door.
 11928 | Lair:1   | Noticed harness's ghost (journeyman DEAE)
 12096 | Lair:1   | Killed Fannar
 12096 | Lair:1   | Reached skill level 16 in Axes
 12096 | Lair:1   | Reached XP level 12. HP: 109/112 MP: 11/11
 13447 | Lair:3   | Received a gift from Okawaru
 13454 | Lair:3   | Got a slimy shield {god gift}
 13476 | Lair:3   | Noticed a seven-headed hydra
 13488 | Lair:3   | Killed a six-headed hydra
 13842 | Lair:3   | Found a staircase to the Snake Pit.
 13859 | Lair:3   | Reached skill level 17 in Axes
 14189 | Lair:3   | Noticed a queen ant
 14216 | Lair:3   | Killed a queen ant
 14821 | Lair:3   | You fall through a shaft for 2 floors!
 14936 | Lair:4   | Found a runed translucent door.
 14936 | Lair:4   | Noticed a seven-headed hydra
 14957 | Lair:4   | Noticed Josephine
 14970 | Lair:4   | Killed Josephine
 14973 | Lair:4   | Reached skill level 18 in Axes
 15475 | Lair:4   | Reached XP level 13. HP: 83/118 MP: 12/12
 15491 | Lair:4   | Received a gift from Okawaru
 15492 | Lair:4   | Got a pitted battleaxe {god gift}
 15501 | Lair:4   | Identified the +6 battleaxe "Byjofuro" {venom, MR+++ MP+9
                  | Dex-3 SInv} (Okawaru gifted it to you on level 4 of the
                  | Lair of Beasts)
 15621 | Lair:4   | Reached ****** piety under Okawaru
 16479 | Lair:5   | Found a viscous altar of Jiyva.
 16479 | Lair:5   | Found a staircase to the Slime Pits.
 16651 | Lair:5   | Found a runed translucent gate.
 16652 | Lair:5   | Found a runed translucent gate.
 16653 | Lair:5   | Found a runed translucent gate.
 16654 | Lair:5   | Noticed Plazmod's ghost (journeyman DECj)
 16705 | Lair:5   | Reached skill level 1 in Invocations
 16734 | Lair:5   | Slain by a killer bee

Skill      XL: |  1  2  3  4  5  6  7  8  9 10 11 12 13 |
---------------+----------------------------------------+-----
Axes           | 4 6 7 8 10 12 14 16 18 | 18.9
Armour         | 1 3 4 |  4.0
Fighting       | 3 4 5 6 7 8 10 11 12 | 12.0
Dodging        | 4 6 7 9 10 12 | 12.6
Invocations    | 1 |  1.6
Throwing       | |  2.0

Action                   |  1- 3 |  4- 6 |  7- 9 | 10-12 | 13-15 || total
-------------------------+-------+-------+-------+-------+-------++-------
Melee: War axe           |    62 |    79 |   328 |   704 |    19 ||  1192
       Headbutt          |    14 |    15 |    70 |   151 |    31 ||   281
       Long sword        |       |       |       |     3 |     3 ||     6
       Battleaxe         |       |       |       |       |   114 ||   114
Throw: Throwing net      |       |       |       |     1 |       ||     1
Evoke: Wand              |       |       |     1 |     9 |       ||    10
  Use: Potion            |     1 |       |     2 |     7 |       ||    10
       Scroll            |       |     8 |    18 |     6 |     1 ||    33
 Stab: Distracted        |     1 |       |       |       |       ||     1
       Sleeping          |       |     2 |     1 |     2 |       ||     5
       Held in net/web   |       |       |       |     1 |       ||     1
  Eat: Chunk             |       |     4 |    18 |    24 |     4 ||    50
Armor: Leather armour    |    25 |    18 |    54 |   109 |    22 ||   228
Dodge: Dodged            |    49 |    43 |   208 |   505 |   131 ||   936
       Deflected         |       |       |     1 |    10 |       ||    11
       Rpst.: Long sword |       |       |       |     1 |       ||     1
